 Dungeon Crawl Stone Soup version 0.30-b1-2-g02819fbbbe (webtiles) character file.

Game seed: 15369447456209331807

282 Anothat the Ruffian (level 6, -2/61 HPs)
             Began as a Troll Monk on May 7, 2023.
             Slain by an endoplasm (3 damage)
             ... on level 4 of the Dungeon.
             The game lasted 00:03:32 (3050 turns).

Anothat the Ruffian (Troll Monk)                    Turns: 3050, Time: 00:03:33

Health: -2/61      AC:  7    Str: 22    XL:     6   Next: 6%
Magic:  5/5        EV: 10    Int:  6    God:
Gold:   180        SH:  0    Dex: 12    Spells: 5/5 levels left

rFire   + .          .
                       - Unarmed
rCold   . . .        c - orb {light}
rNeg    . . .        r - +0 robe {rF+}
rPois   .            (helmet restricted)
rElec   .            n - +2 cloak
rCorr   .            (gloves unavailable)
SInv    .            (boots unavailable)
Will    .....        (no amulet)
Stlth   +            (no ring)
HPRegen 1.10/turn    (no ring)
MPRegen 0.09/turn

%: no passive effects
@: mighty, lethally poisoned (-2 -> -2), on berserk cooldown, slowed, glowing,
very slow
A: large, unfitting armour, claws 3, regeneration 1, shaggy fur 1, tough skin 1
a: no special abilities


You were on level 4 of the Dungeon.
You visited 1 branch of the dungeon, and saw 4 of its levels.

You collected 180 gold pieces.

Inventory:

Armour
 a - a +0 robe
 c - an orb of light (worn)
 n - a +2 cloak (worn)
 r - a +0 robe of fire resistance (worn)
Jewellery
 h - a +6 ring of intelligence
Scrolls
 e - a scroll of brand weapon {unknown}
 f - 2 scrolls of amnesia {unknown}
 j - a scroll of blinking {unknown}
 k - 8 scrolls of identify
 l - a scroll of enchant armour {unknown}
 m - 4 scrolls of teleportation {unknown}
 o - a scroll of magic mapping {unknown}
Potions
 b - a potion of ambrosia
 d - a potion of invisibility
 p - a potion of brilliance {unknown}
 q - a potion of mutation {unknown}
 s - a potion of cancellation {unknown}


   Skills:
 + Level 3.5 Fighting
 + Level 3.5 Dodging
 * Level 5.2 Unarmed Combat


You had 5 spell levels left.
You didn't know any spells.
Your spell library contained the following spells:

 Spells                   Type           Power      Damage    Failure   Level
 Poisonous Vapours        Pois/Air       0%         N/A       58%         2
 Mephitic Cloud           Conj/Pois/Air  0%         N/A       83%         3
 Freezing Cloud           Conj/Ice/Air   0%         6-21      100%        5


Dungeon Overview and Level Annotations

Branches:
Dungeon (4/15)
 Temple: D:4-7

Altars:
Fedhas
Makhleb
Vehumet

Annotations:
D:3 1 runed translucent door, FlashJCB's ghost, amateur HuFi


Innate Abilities, Weirdness & Mutations

You are too large for most types of armour.
You have claws for hands.
Your natural rate of healing is unusually fast.
You are covered in fur. (AC +1)
You have tough skin. (AC +1)


Message History

The gnoll hits you from afar with a +0 halberd.
The gnoll hits you with a +0 club.
The gnoll hits you from afar with a +0 spear of venom.
The gnoll hits you but does no damage.
Okay, then.
Okay, then.
You aren't carrying any items that you can evoke.
It was a potion of berserk rage.
A red film seems to cover your vision as you go berserk!
You feel yourself moving faster!
You feel mighty!
You feel very sick. The gnoll barely misses you.
The hobgoblin hits you but does no damage.
The gnoll hits you with a +0 club.
* * * LOW HITPOINT WARNING * * *
The gnoll barely misses you.
You are too berserk!
You are too berserk!
You feel a strong urge to attack something.
You feel very sick. The gnoll hits you with a +0 club.
* * * LOW HITPOINT WARNING * * *
The gnoll hits you from afar with a +0 spear.
* * * LOW HITPOINT WARNING * * *
You feel sick.
You feel your anger nearly subside.
You feel sick.
You are no longer berserk.
You are exhausted.
You feel yourself slow down.
You feel sick.
You feel very sick.
Okay, then.
It was a potion of might.
You feel very mighty all of a sudden.
You feel sick.
The hobgoblin hits you but does no damage.
The gnoll hits you from afar with a +0 heavy spear!
* * * LOW HITPOINT WARNING * * *
The endoplasm hits you.
You die...

.....<...+....####....#
......####............#
.....†# ########'#####
......####### #.#
<..⌠.)......# #.#
............#####'##+##
#...........##........#
#.#.........##........###
#.#.........++..@........
#.#.........##..Jg.....##
......########.gggg......
#.#.#....# #.gg....(...
#.#.##...# #...#gK.....
..#.# .....# #..g..#.....
###.# ...#..##......:#...
#.# ...# .##.........#.
#.# ...# ##.........#


You could see 8 gnolls, an endoplasm, a hobgoblin and a kobold.

Vanquished Creatures
  Blork the orc (D:4)
  A hound (D:4)
  4 gnolls
  4 adders
  2 worms (D:2)
  3 dart slugs
  9 orcs
  13 endoplasms
  3 giant cockroaches
  10 hobgoblins
  3 jackals (D:1)
  7 kobolds
  5 quokkas
  5 ball pythons
  6 bats
  3 frilled lizards
  8 goblins
87 creatures vanquished.

Vanquished Creatures (others)
  4 toadstools (D:1)
4 creatures vanquished.

Grand Total: 91 creatures vanquished

Notes
Turn   | Place    | Note
-------+----------+-------------------------------------------
     0 | D:1      | Anothat the Troll Monk began the quest for the Orb.
     0 | D:1      | Reached XP level 1. HP: 22/22 MP: 0/0
   135 | D:1      | Reached XP level 2. HP: 29/29 MP: 1/1
   437 | D:1      | Reached XP level 3. HP: 29/36 MP: 2/2
  1353 | D:2      | Reached skill level 4 in Unarmed Combat
  1412 | D:2      | Reached XP level 4. HP: 45/45 MP: 3/3
  2184 | D:3      | Found a runed translucent door.
  2189 | D:3      | Noticed FlashJCB's ghost (amateur HuFi)
  2228 | D:3      | Found a blossoming altar of Fedhas.
  2609 | D:3      | Reached XP level 5. HP: 53/53 MP: 4/4
  2633 | D:3      | Found a radiant altar of Vehumet.
  2869 | D:4      | Noticed Blork the orc
  2877 | D:4      | Killed Blork the orc
  2878 | D:4      | Reached skill level 5 in Unarmed Combat
  2998 | D:4      | Found a burning altar of Makhleb.
  3005 | D:4      | Reached XP level 6. HP: 60/61 MP: 5/5
  3050 | D:4      | HP: 1/61 [gnoll/+0 heavy spear (7)]
  3050 | D:4      | Slain by an endoplasm

Illustrated notes

Levels and vault maps discovered:
D:1:      ldierk_walled_garden_2, layout_basic
D:2:      layout_basic
D:3:      layout_loops_ring, fedhas_ov_isle_minmay, nicolae_vehumet_radiance,
          ebering_ghost_sewer_d, nicolae_figureground_pulse
D:4:      minmay_angry_zag, layout_basic, makhleb_heckhound_becter,
          mainiacjoe_overflow_concentric_impassable,
          minmay_misc_feat_more_columns, dreamdust_wishing_well,
          uniq_blork_the_orc

Skill      XL: |  1  2  3  4  5 |
---------------+----------------+-----
Unarmed Combat | 4 5 |  5.2
Fighting       | 3 |  3.5
Dodging        | 3 |  3.5

Action                     |  1- 3 |  4- 6 || total
---------------------------+-------+-------++-------
  Melee: Unarmed           |    87 |   100 ||   187
    Use: Scroll            |     1 |       ||     1
         Potion            |       |     2 ||     2
 Armour: Robe              |    22 |    40 ||    62
  Dodge: Dodged            |    43 |    40 ||    83
